 Dungeon Crawl Stone Soup version 0.27.0-1-g7a089689b8 (webtiles) character file.

Game seed: 7277815801050770675

326 freelancePsychic the Poker (level 6, 0/56 HPs)
             Began as a Minotaur Abyssal Knight on Aug 8, 2021.
             Was a Believer of Lugonu.
             Slain by a white imp (3 damage)
             ... on level 4 of the Dungeon.
             The game lasted 00:05:06 (3752 turns).

freelancePsychic the Poker (MiAK)                   Turns: 3752, Time: 00:05:06

Health: 0/56       AC:  5    Str: 19    XL:     6   Next: 24%
Magic:  7/7        EV: 14    Int:  9    God:    Lugonu [**....]
Gold:   220        SH:  0    Dex:  9    Spells: 5/5 levels left

rFire    . . .     SeeInvis .   a - +1 spear
rCold    . . .     Faith    .   (no shield)
rNeg     . . .     Spirit   .   m - +0 ring mail
rPois    +         Reflect  .   (helmet restricted)
rElec    .         Harm     .   (no cloak)
rCorr    .         Rampage  .   (no gloves)
Will     .....                  (no boots)
Stlth    ..........             (no amulet)
HPRegen  0.18/turn              b - ring of poison resistance
MPRegen  0.10/turn              l - +4 ring of evasion

@: brilliant, lit by a corona, attractive, glowing
A: horns 2, retaliatory headbutt
a: Renounce Religion, Depart the Abyss, Bend Space


You were on level 4 of the Dungeon.
You worshipped Lugonu.
Lugonu was pleased with you.
You visited 1 branch of the dungeon, and saw 5 of its levels.
You visited the Abyss 1 time.

You collected 220 gold pieces.

Inventory:

Hand Weapons
 a - a +1 spear (weapon)
Missiles
 f - 7 curare-tipped darts
 g - a throwing net
Armour
 m - a +0 ring mail (worn)
Jewellery
 b - a ring of poison resistance (left hand)
 h - a ring of protection from cold
 l - a +4 ring of evasion (right hand)
 q - a ring of protection from fire
Scrolls
 d - 4 scrolls of teleportation {@r4}
 e - 4 scrolls of identify {@r1}
 j - a scroll of vulnerability
 k - a scroll of magic mapping
 n - a scroll of blinking


   Skills:
 + Level 5.2 Fighting
 * Level 5.9 Polearms
 - Level 2.4 Armour
 - Level 1.1 Dodging
 + Level 3.5 Invocations


You had 5 spell levels left.
You didn't know any spells.
Your spell library contained the following spells:

 Spells                   Type           Power      Damage    Failure   Level
 Magic Dart               Conj           0%         1d3       56%         1
 Sandblast                Erth           0%         2d4       56%         1
 Call Imp                 Summ           0%         N/A       71%         2
 Passwall                 Tmut/Erth      0%         N/A       71%         2
 Mephitic Cloud           Conj/Pois/Air  0%         N/A       90%         3
 Stone Arrow              Conj/Erth      0%         3d7       90%         3
 Animate Armour           Summ/Erth      0%         N/A       100%        4
 Lee's Rapid Deconstruct  Erth           0%         3d5*      100%        5
 Lehudib's Crystal Spear  Conj/Erth      0%         10d2      100%        8


Dungeon Overview and Level Annotations

Branches:
Dungeon (5/15)
 Temple: D:4-7

Altars:
Dithmenos

Annotations:
D:4 1 runed translucent door, Crazy Yiuf, Dowan, Eustachio


Innate Abilities, Weirdness & Mutations

You have a pair of horns on your head.
You reflexively headbutt those who attack you in melee.


Message History

Dowan is almost dead.
Dowan hits you but does no damage.
Eustachio mumbles some strange words.
The iron imp is pulled toward you!
You hit Dowan.
Dowan is almost dead.
Dowan hits you but does no damage.
The white imp hits you but does no damage.
Dowan hits you but does no damage.
You hit Dowan.
Dowan is almost dead.
The white imp grins evilly.
The white imp gestures at you.
The puff of frost hits you but does no damage.
Dowan hits you but does no damage.
You miss Dowan.
Dowan is almost dead.
The quokka twitches its whiskers.
Dowan hits you but does no damage.
The white imp hits you but does no damage.
You closely miss Dowan.
Dowan is almost dead.
Dowan hits you but does no damage.
Eustachio calls on the powers of shadow!
The white imp hits you but does no damage.
You closely miss Dowan.
Dowan is almost dead.
Dowan hits you but does no damage.
The white imp hits you but does no damage.
You closely miss Dowan.
Dowan is almost dead.
The shadow imp shouts!
Dowan hits you but does no damage. Dowan hits you with a +4 dagger.
* * * LOW HITPOINT WARNING * * *
You closely miss Dowan.
Dowan is almost dead.
You feel less wooden.
Your +0 ring mail unmelds from your body.
The white imp hits you.
You die...

####
#[#†##.# #
.#.#
#......#
#†##
###.####
.#.# #.#
..## #.# ##
#..#
####)###...#
##.#
#...$@......
#..#
#.#5###r#.##
.†##
#...5@e@...#
.#.#
#.#.###5#..#
#.##
#.#.#/#.# ..
.#.# #
#.###.# .
####
........
.#.###.#..
..... ...#
#.##. ####


You could see Eustachio, Dowan (fast), an iron imp (summoned), a white imp, a
shadow imp (summoned) and a quokka (summoned).

Vanquished Creatures
  Duvessa (D:4)
  A centaur zombie (D:5)
  A hound (D:3)
  A bullfrog skeleton (D:4)
  3 adders
  An ufetubus (D:4)
  A worm (D:3)
  2 dart slugs
  7 bats
  6 endoplasms
  4 giant cockroaches
  14 goblins
  10 hobgoblins
  4 jackals (D:4)
  A kobold (D:1)
  2 quokkas (D:2)
  8 ball pythons
  3 frilled lizards (D:1)
  8 rats
78 creatures vanquished.

Vanquished Creatures (others)
  11 plants
11 creatures vanquished.

Grand Total: 89 creatures vanquished

Notes
Turn   | Place    | Note
-------+----------+-------------------------------------------
     0 | Abyss:1  | freelancePsychic the Minotaur Abyssal Knight began the
                  | quest for the Orb.
     0 | Abyss:1  | Reached XP level 1. HP: 19/19 MP: 1/1
     5 | Abyss:1  | Found a corrupted altar of Lugonu.
    61 | Abyss:1  | Noticed a thrashing horror
    62 | D:1      | Escaped the Abyss
   356 | D:1      | Reached XP level 2. HP: 22/27 MP: 2/2
   537 | D:1      | Reached * piety under Lugonu
   906 | D:1      | Reached XP level 3. HP: 33/33 MP: 3/3
  1038 | D:1      | Found a faded altar of an unknown god.
  2050 | D:2      | Reached XP level 4. HP: 41/41 MP: 4/4
  2051 | D:2      | Reached ** piety under Lugonu
  2343 | D:3      | You fall into a shaft and drop 2 floors!
  2343 | D:5      | Entered Level 5 of the Dungeon
  2475 | D:4      | Reached XP level 5. HP: 42/47 MP: 6/6
  3090 | D:3      | Found a shadowy altar of Dithmenos.
  3107 | D:3      | Reached skill level 5 in Polearms
  3498 | D:4      | Found a runed translucent door.
  3499 | D:4      | Noticed Crazy Yiuf
  3693 | D:4      | Noticed Eustachio
  3693 | D:4      | Noticed Duvessa
  3693 | D:4      | Noticed Dowan
  3716 | D:4      | Reached skill level 5 in Fighting
  3730 | D:4      | Killed Duvessa
  3731 | D:4      | Reached XP level 6. HP: 8/56 MP: 7/7
  3731 | D:4      | HP: 4/84 [Dowan (4)]
  3751 | D:4      | HP: 4/84 [Dowan (4)]
  3752 | D:4      | Slain by a white imp

Illustrated notes

Levels and vault maps discovered:
D:1:      psy_arrival_fountain, layout_basic,
          dilly_ecumenical_altar_fadedgnrine, chequers_arboretum
D:2:      kennysheep_the_goblin_king, layout_basic, serial_forest,
          infiniplex_forest_straight_2, infiniplex_forest_straight_2,
          infiniplex_forest_end_2, infiniplex_forest_clump_cross,
          infiniplex_forest_3_way, infiniplex_forest_diagonal, minivault_23
D:3:      layout_loops_ring, grunt_dithmenos_smoke_and_mirrors, serial_glass,
          glass_columns_a, glass_columns_a, item_on_display_a, item_on_display_a
D:4:      minmay_diamond_boxcup, layout_loops_cross, serial_shops, shop,
          minmay_surrounded, uniq_eustachio, uniq_crazy_yiuf_cottage,
          uniq_duvessa
D:5:      wad_woods_settlement, layout_basic, ashenzari_altar_1,
          minmay_temple_entry_antechambers

Skill      XL: |  1  2  3  4  5 |
---------------+----------------+-----
Invocations    | 2 3 |  3.5
Polearms       | 3 4 5 |  5.9
Fighting       | 4 5 |  5.2
Armour         | |  2.4
Dodging        | |  1.1

Action                   |  1- 3 |  4- 6 || total
-------------------------+-------+-------++-------
Melee: Spear             |   126 |   139 ||   265
       Headbutt          |    14 |     9 ||    23
Invok: Depart the Abyss  |     1 |       ||     1
       Bend Space        |       |     2 ||     2
  Use: Scroll            |     3 |     4 ||     7
       Potion            |     1 |     4 ||     5
Armor: Leather armour    |    20 |     6 ||    26
       Skin              |       |    57 ||    57
       Ring mail         |       |     4 ||     4
Dodge: Dodged            |    49 |    65 ||   114
